 Dungeon Crawl Stone Soup version 0.30-a0-800-g7c544603b3 (webtiles) character file.

Game seed: 4654829044625649639

1085 Orangeyouglad the Trooper (level 8, -3/63 HPs)
             Began as a Human Delver on Feb 22, 2023.
             Was an Initiate of the Shining One.
             Succumbed to a gnoll sergeant's poison
             ... on level 7 of the Dungeon.
             The game lasted 00:17:18 (5130 turns).

Orangeyouglad the Trooper (Human Delver)            Turns: 5130, Time: 00:17:18

Health: -3/63      AC: 12    Str: 12    XL:     8   Next: 55%
Magic:  11/11      EV: 12    Int: 12    God:    the Shining One [......]
Gold:   393        SH:  0    Dex: 16    Spells: 6/11 levels left

rFire   . . .      SeeInvis .    a - +0 falchion
rCold   . . .      Faith    .    (no shield)
rNeg    . . .      Spirit   .    E - +0 ring mail
rPois   .          Reflect  .    (no helmet)
rElec   .          Harm     .    (no cloak)
rCorr   .          Rampage  .    u - +1 pair of gloves "Keggygos" {Regen+}
Will    .....                    G - +0 pair of boots
Stlth   +                        m - amulet of regeneration
HPRegen 1.90/turn                s - +4 ring of protection
MPRegen 0.12/turn                t - ring of wizardry

@: lethally poisoned (-3 -> -16), attractive, glowing, studying Armour
A: no striking features
a: Renounce Religion


You were on level 7 of the Dungeon.
You worshipped the Shining One.
The Shining One was noncommittal.
You visited 2 branches of the dungeon, and saw 8 of its levels.

You collected 393 gold pieces.

Inventory:

Hand Weapons
 a - a +0 falchion (weapon)
 r - a +2 spear of flaming
 O - a +0 long sword
Missiles
 F - 12 poisoned darts (quivered)
Armour
 b - a +0 leather armour
 u - the +1 pair of gloves "Keggygos" (worn) {Regen+}
   (You found it on level 2 of the Dungeon)

   Regen:     It increases your rate of health regeneration.
 E - a +0 ring mail (worn)
 G - a +0 pair of boots (worn)
Magical Staves
 y - a staff of fire
Jewellery
 h - an amulet of guardian spirit
 m - an amulet of regeneration (around neck)
 o - an amulet of magic regeneration
 s - a +4 ring of protection (left hand)
 t - a ring of wizardry (right hand)
 I - a ring of magical power
 L - a ring of resist corrosion
Wands
 g - a wand of digging (3)
 B - a wand of charming (7)
Scrolls
 c - a scroll of fog
 e - a scroll of fear
 l - 2 scrolls of magic mapping
 n - a scroll of immolation
 q - 3 scrolls of vulnerability
 x - 2 scrolls of blinking
 A - a scroll of noise {unknown}
 C - a scroll of teleportation
 J - a scroll of poison {unknown}
 M - a scroll of enchant armour {unknown}
 N - a scroll of amnesia {unknown}
Potions
 d - a potion of flight {unknown}
 i - 2 potions of attraction
 j - a potion of resistance {unknown}
 k - 2 potions of lignification {unknown}
 p - 2 potions of ambrosia {unknown}
 v - 2 potions of invisibility {unknown}
 w - 2 potions of degeneration {unknown}
 D - a potion of might {unknown}
 H - a potion of brilliance {unknown}
 K - 2 potions of curing {unknown}


   Skills:
 + Level 5.6 Fighting
 - Level 2.5 Long Blades
 + Level 2.9 Armour
 + Level 5.0 Dodging
 - Level 5.5 Stealth
 - Level 2.0 Spellcasting
 + Level 0.8 Conjurations
 - Level 2.1 Summonings
 + Level 3.9 Evocations


You had 6 spell levels left.
You knew the following spells:

 Your Spells              Type           Power      Damage    Failure   Level
a - Call Imp              Summ           6%         N/A       16%         2
b - Mephitic Cloud        Conj/Pois/Air  1%         N/A       52%         3

Your spell library contained the following spells:

 Spells                   Type           Power      Damage    Failure   Level
 Magic Dart               Conj           12%        1d3       16%         1


Dungeon Overview and Level Annotations

Branches:
Dungeon (7/15)             Temple (1/1) D:5

Altars:
Ashenzari
Cheibriados
Dithmenos
Gozag
Kikubaaqudgha
Makhleb
Nemelex Xobeh
Okawaru
Ru
Sif Muna
Trog
Vehumet
Wu Jian
Xom
Yredelemnul
Zin
The Shining One

Shops:
D:4 :

Annotations:
D:6 Maggie
D:7 1 transporter


Message History

The gnoll sergeant is lightly wounded.
The sentinel's mark upon you fades away.
You feel very sick.
The gnoll sergeant hits you but does no damage.
You are more poisoned.
You hit the gnoll sergeant but do no damage.
The gnoll sergeant is lightly wounded.
You feel very sick.
The gnoll sergeant hits you with a +2 spear of venom.
You are more poisoned.
The gnoll sergeant hits you but does no damage.
You are more poisoned.
You hit the gnoll sergeant.
The gnoll sergeant is moderately wounded.
You feel extremely sick.
The gnoll sergeant hits you with a +2 spear of venom.
You are more poisoned.
You hit the gnoll sergeant.
The gnoll sergeant is heavily wounded.
You feel extremely sick. The gnoll sergeant barely misses you.
You hit the gnoll sergeant but do no damage.
The gnoll sergeant is heavily wounded.
* * * LOW HITPOINT WARNING * * *
You feel extremely sick.
The gnoll sergeant hits you with a +2 spear of venom!
* * * LOW HITPOINT WARNING * * *
You are more poisoned.
Okay, then.
Okay, then.
Aiming: Charm
Press: ? - help, Shift-Dir - straight line, f/p - gnoll sergeant
Aim: a gnoll sergeant, wielding a +2 spear of venom and wearing a +0 ring mail (heavily wounded, very poisoned, haloed, chance to affect: 59%)
The gnoll sergeant resists with significant effort.
* * * LOW HITPOINT WARNING * * *
You feel extremely sick. The gnoll sergeant barely misses you.
It was a potion of attraction.
You feel attractive to monsters.
You die...

############ #..........
..#.#.# #.........
..#.#.# #........ #.#.#.#
#.......# #.#.#.#
#.......# #.#.#.#
#/......##########.#.#.##
#######..................
.......>@g(((............
............##.......#.##
............##.......#.#
............##.........#
............############
............#
............# #
............#


You could see a gnoll sergeant (very poisoned).

Vanquished Creatures
  A wyvern (D:5)
  A black bear (D:4)
  A sky beast (D:6)
  A centaur (D:5)
  A scorpion (D:5)
  4 hounds
  An iguana (D:5)
  Jessica (D:2)
  2 orc wizards (D:3)
  4 adders
  2 gnolls (D:4)
  A shadow imp (D:6)
  An ufetubus (D:7)
  3 worms
  3 dart slugs
  11 orcs
  8 bats
  7 endoplasms
  8 giant cockroaches
  8 goblins
  5 hobgoblins
  6 kobolds
  4 quokkas
  7 ball pythons
  A frilled lizard (D:1)
  11 rats
103 creatures vanquished.

Vanquished Creatures (collateral kills)
  A water moccasin (D:7)
  An acid dragon (D:5)
  A hound (D:6)
  3 gnolls (D:7)
  An adder (D:5)
  An orc (D:4)
  A quokka (D:5)
9 creatures vanquished.

Vanquished Creatures (others)
  An acid dragon (D:5)
  A scorpion (D:4)
  A gnoll (D:4)
  A white imp (D:5)
  An orc (D:6)
5 creatures vanquished.

Grand Total: 117 creatures vanquished

Notes
Turn   | Place    | Note
-------+----------+-------------------------------------------
     0 | D:5      | Orangeyouglad the Human Delver began the quest for the Orb.
     0 | D:5      | Reached XP level 1. HP: 18/18 MP: 1/1
    11 | D:5      | Found a glowing drain.
    40 | D:4      | Noticed a hound
    52 | D:4      | Killed a hound
    53 | D:4      | Reached XP level 2. HP: 16/24 MP: 2/2
    53 | D:4      | Reached XP level 3. HP: 20/29 MP: 3/3
   581 | D:1      | Reached XP level 4. HP: 34/35 MP: 4/4
  1214 | D:2      | Identified the +1 pair of gloves "Keggygos" {Regen+}
  1316 | D:2      | Noticed Jessica
  1338 | D:2      | Killed Jessica
  1339 | D:2      | Reached XP level 5. HP: 42/42 MP: 5/5
  1766 | D:3      | Reached skill level 1 in Evocations
  1848 | D:3      | Found a shimmering altar of Xom.
  2107 | D:3      | Found a sacrificial altar of Ru.
  2111 | D:3      | Learned a level 2 spell: Call Imp
  2289 | D:3      | Reached XP level 6. HP: 48/48 MP: 6/6
  2659 | D:4      | Found a radiant altar of Vehumet.
  2889 | D:4      | Found Qiwkeyng's Book Emporium.
  3227 | D:4      | Noticed a black bear
  3375 | D:5      | Reached skill level 1 in Spellcasting
  3503 | D:5      | Found a glowing golden altar of the Shining One.
  3503 | D:5      | Found a snail-covered altar of Cheibriados.
  3504 | D:5      | Found a shadowy altar of Dithmenos.
  3518 | D:5      | Found an opulent altar of Gozag.
  3521 | D:5      | Found a bloodstained altar of Trog.
  3524 | D:5      | Found a basalt altar of Yredelemnul.
  3530 | D:5      | Found an ancient bone altar of Kikubaaqudgha.
  3556 | D:5      | Became a worshipper of the Shining One
  3625 | D:5      | Reached XP level 7. HP: 55/55 MP: 9/9
  3704 | D:5      | Noticed an acid dragon
  3722 | D:5      | Noticed an acid dragon
  3736 | D:5      | Noticed a wyvern
  3761 | D:5      | Killed an acid dragon
  3762 | D:5      | Reached skill level 5 in Fighting
  3789 | D:5      | Killed a wyvern
  3790 | D:5      | Reached skill level 1 in Summonings
  4259 | Temple   | Entered the Ecumenical Temple
  4449 | D:4      | Reached skill level 1 in Armour
  4449 | D:4      | Reached XP level 8. HP: 52/62 MP: 11/11
  4736 | D:6      | Found a broken altar of Ashenzari.
  4888 | D:6      | Noticed Maggie
  4998 | D:7      | Learned a level 3 spell: Mephitic Cloud
  5010 | D:7      | Found a transporter.
  5010 | D:7      | Noticed a troll
  5011 | D:7      | Noticed a wraith
  5016 | D:7      | Noticed a centaur warrior
  5047 | D:7      | Reached skill level 5 in Dodging
  5129 | D:7      | HP: 1/63 [poisoned by a gnoll sergeant]
  5130 | D:7      | Succumbed to a gnoll sergeant's poison

Illustrated notes

Levels and vault maps discovered:
D:1:      sevenhm_arrival_forest_fort_large_2, layout_basic
D:2:      layout_rooms, serial_bayou_lagoon_a, small_statue_intersection,
          uniq_jessica
D:3:      layout_loops_ring, nicolae_ru_path_of_blood, xom_teletrap_fun
D:4:      layout_cave_pods, mainiacjoe_overflow_surrounded_room, serial_shops,
          shop, chequers_serial_rivers_micro_e
D:5:      layout_basic, nicolae_overflow_hallway_of_the_gods,
          minmay_temple_entry_overgrown, cheibrodos_sewer_entry_sluice,
          minmay_manual_mess
D:6:      layout_cave_pools, mainiacjoe_overflow_24_doors, uniq_maggie
D:7:      gammafunk_the_bubble [the_bubble_gammafunk_split], layout_basic,
          serial_shops, shop_fountains
Temple:   hellmonk_temple_beads

Skill      XL: |  1  2  3  4  5  6  7  8 |
---------------+-------------------------+-----
Dodging        | 3 4 5 |  5.0
Evocations     | 1 2 3 |  3.9
Fighting       | 4 5 |  5.6
Spellcasting   | 1 2 |  2.0
Summonings     | 1 2 |  2.1
Armour         | 1 2 |  2.9
Long Blades    | |  2.5
Stealth        | |  5.5
Conjurations   | |  0.8

Action                     |  1- 3 |  4- 6 |  7- 9 || total
---------------------------+-------+-------+-------++-------
  Melee: Falchion          |    43 |   234 |   148 ||   425
         Punch             |     1 |     3 |     4 ||     8
         Spear             |       |     5 |       ||     5
  Throw: Boomerang         |       |     2 |     6 ||     8
         Dart              |       |       |    14 ||    14
  Evoke: Wand              |       |     2 |    13 ||    15
    Use: Scroll            |     1 |       |     6 ||     7
         Potion            |       |       |     2 ||     2
   Stab: Sleeping          |     2 |    11 |       ||    13
 Armour: Leather armour    |    14 |    46 |       ||    60
         Ring mail         |       |    81 |   113 ||   194
  Dodge: Dodged            |    35 |   154 |   109 ||   298

Table legend: (Time is in decaauts)
 A = Elapsed time spent in this place.
 B = Non-inter-level travel time spent in this place.
 C = Inter-level travel time spent in this place.
 D = Time resting spent in this place.
 E = Time spent auto-exploring this place.
 F = Levels seen in this place.
 G = Mean time per level.
                   A        B        C        D        E       F      G
               +--------+--------+--------+--------+--------+-----+--------+
         Total |   5193 |   4937 |    256 |     58 |   2773 |   8 |  649.1 |
       Dungeon |   5088 |   4842 |    246 |     58 |   2686 |   7 |  726.9 |
        Temple |    104 |     94 |     10 |      0 |     87 |   1 |  104.0 |
               +--------+--------+--------+--------+--------+-----+--------+

Top non-repeatable levels by time:
     D:4: 1058 daAuts
     D:5: 1036 daAuts
     D:3: 1030 daAuts
     D:1: 936 daAuts
     D:2: 512 daAuts
     D:6: 375 daAuts
     D:7: 138 daAuts
  Temple: 104 daAuts
